Map: Eternal Empire LE

Players

Epic

  • Race: Terran Terran
  • League: Grandmaster
  • Spawn Location: 1:00

Robbie (Rob) - Winner!

  • Race: Protoss Protoss
  • League: Grandmaster
  • Spawn Location: 7:00

Event: The Miserable Cup

VOD

Have the link to the VOD?

Description

Time

  • Played on: June 18, 2020, 1:28 p.m.
  • Length: 13:26

All games in this series

Show
View Real Time Build Order
Export as new Build Order

Epic Terran 

Build Orders: Gas First Reaper Expand 

Get SALT Encoding   

  12  0:00  SCV  
  13  0:12  SCV  
  14  0:17  Supply Depot  
  14  0:24  SCV  
  15  0:32  Refinery  
  15  0:38  SCV  
  16  0:45  Barracks  
  16  0:50  SCV  
  17  1:03  SCV  
  18  1:15  SCV  
  19  1:32  Reaper, Orbital Command  
  20  1:50  Command Center  
  20  1:57  SCV  
  21  2:01  Factory  
  21  2:09  Barracks Reactor, SCV  
  21  2:15  Supply Depot  
  22  2:19  Refinery  
  22  2:22  SCV  
  23  2:36  SCV  
  24  2:50  SCV, Starport  
  25  2:54  Hellion x2  
  29  3:02  SCV  
  29  3:03  Orbital Command  
  29  3:09  Reaper  
  30  3:14  SCV  
  30  3:15  Widow Mine x2  
  35  3:21  Bunker  
  30  3:27  Medivac  
  35  3:29  SCV  
  38  3:36  SCV  
  38  3:40  Supply Depot  
  40  3:47  Armory  
  40  3:48  SCV x2  
  40  3:49  Widow Mine  
  40  3:52  Widow Mine  
  45  4:03  SCV x2  
  46  4:20  SCV x2  
  46  4:24  Supply Depot, Command Center, Liberator  
  48  4:26  Barracks Tech Lab  
  51  4:32  Factory Tech Lab  
  51  4:33  SCV x2  
  51  4:35  Barracks  
  53  4:44  Supply Depot  
  54  4:45  SCV x2  
  54  4:46  Marine x2  
  54  4:50  Siege Tank  
  60  4:57  SCV  
  60  4:59  Supply Depot  
  61  5:06  Marine x2  
  63  5:10  SCV x2, Bunker  
  63  5:13  Engineering Bay  
  60  5:15  Starport Tech Lab  
  58  5:23  Marine  
  58  5:25  SCV  
  46  5:48  Missile Turret, Marine  
  46  5:49  Marine  
  46  5:53  SCV  
  46  5:55  SCV  
  45  6:09  SCV  
  42  6:11  Marine  
  42  6:16  Marine  
  43  6:23  SCV x2, Starport Tech Lab  
  42  6:32  Missile Turret, Marine  
  42  6:39  Orbital Command  
  42  6:44  SCV  
  42  6:45  SCV  
  43  6:49  Raven  
  45  6:56  Missile Turret  
  45  6:58  SCV  
  46  7:06  Marine x3  
  49  7:09  SCV  
  49  7:15  Factory Tech Lab  
  50  7:16  SCV  
  50  7:19  SCV  
  50  7:21  SCV  
  53  7:26  Supply Depot  
  53  7:31  Barracks Tech Lab  
  53  7:33  Supply Depot  
  53  7:34  Marine x2  
  55  7:38  SCV x2  
  55  7:39  SCV  
  58  7:45  Siege Tank  
  61  7:52  Terran Infantry Weapons Level 1  
  61  7:53  Stimpack  
  61  7:54  SCV  
  61  7:55  SCV  
  61  7:56  SCV  
  64  7:58  Marine  
  64  7:59  Marine  
  64  8:03  Orbital Command  
  66  8:06  Marauder, Refinery  
  67  8:16  Marine  
  67  8:19  Marine  
  66  8:23  Orbital Command, Siege Tank  
  66  8:25  SCV  
  66  8:26  SCV  
  71  8:27  Marine  
  69  8:34  Marine  
  69  8:36  Marine  
  70  8:43  SCV  
  70  8:44  SCV  
  70  8:46  Marauder  
  66  8:52  Marine  
  66  8:54  Marine  
  62  8:56  SCV, Refinery  
  62  8:57  SCV x2  
  54  9:07  Marauder  
  54  9:08  Siege Tank  
  53  9:10  SCV, Marine  
  53  9:11  SCV, Barracks  
  53  9:12  Marine, Barracks x2  
  57  9:24  SCV x3  
  57  9:29  Supply Depot  
  57  9:30  Supply Depot, Marauder, Marine x2  
  64  9:34  Starport Reactor  
  64  9:39  SCV x3  
  64  9:40  Siege Tank  
  70  9:48  Combat Shield, Marine x2  
  72  9:54  Marauder  
  72  9:55  Terran Infantry Armor Level 1  
  72  9:56  Engineering Bay  
  72  9:57  SCV  
  72  9:58  SCV x2, Supply Depot  
  77  10:01  Marine x2  
  77  10:06  Marine x2  
  81  10:11  Medivac x2  
  81  10:13  Marauder  
  85  10:17  Marauder  
  85  10:18  Marine  
  85  10:19  Marine  
  85  10:20  Concussive Shells  
  89  10:23  Marine  
  89  10:24  SCV  
  89  10:25  SCV x2  
  93  10:29  Supply Depot  
  93  10:30  Supply Depot  
  93  10:34  Siege Tank  
  93  10:40  Marine x2  
  93  10:41  Marauder x2, Marine x2  
  99  10:47  Missile Turret  
  99  10:57  Viking  
  99  11:00  Marine x4  
  99  11:02  SCV  
  99  11:03  SCV  
  107  11:08  Orbital Command  
  105  11:13  Marauder  
  105  11:14  Marauder  
  105  11:18  Marine  
  99  11:19  Marine x3  
  92  11:26  SCV x2  
  85  11:34  SCV, Marine  
  85  11:35  Marauder, Marine  
  85  11:37  Marine  
  81  11:42  Siege Tank  
  69  11:47  Marine  
  69  11:48  Marine  
  69  11:51  SCV x2  
  69  11:53  Marauder, Marine  
  74  11:56  Marauder  
  74  11:58  SCV  
  74  12:00  Medivac  
  79  12:03  SCV x2  
  79  12:06  Medivac  
  79  12:08  Marine x3  
  82  12:24  SCV, Command Center  
  81  12:30  Marine  
  81  12:31  Marine x3  
  85  12:40  Medivac  
  85  12:44  Missile Turret  
  87  12:47  SCV x2  
  84  12:51  Marine x3  
  86  13:05  Marine  
Show
View Real Time Build Order
Export as new Build Order

Robbie Protoss - Winner!

Build Orders: 1 Gate Expand, Dark Templar Rush 

Get SALT Encoding   

  12  0:01  Probe  
  13  0:13  Probe  
  14  0:16  Pylon  
  14  0:24  Probe  
  15  0:32  Probe  
  15  0:37  Gateway  
  15  0:40  Probe  
  16  0:47  Assimilator  
  17  0:52  Probe  
  18  1:04  Probe  
  19  1:16  Probe  
  20  1:24  Nexus  
  20  1:32  Probe  
  20  1:33  Cybernetics Core  
  21  1:40  Probe  
  21  1:41  Assimilator  
  22  1:52  Pylon  
  22  1:53  Probe  
  22  2:00  Adept  
  23  2:10  Probe, Warp Gate  
  26  2:22  Probe  
  27  2:30  Stalker  
  27  2:32  Probe  
  27  2:34  Probe  
  31  2:40  Probe  
  32  2:45  Twilight Council  
  32  2:46  Probe  
  32  2:50  Probe  
  34  2:58  Probe  
  34  3:02  Probe  
  36  3:06  Robotics Facility  
  36  3:12  Probe, Pylon  
  37  3:14  Probe  
  38  3:24  Probe  
  38  3:26  Probe  
  40  3:35  Gateway  
  40  3:37  Gateway  
  40  3:41  Pylon  
  40  3:43  Dark Shrine  
  40  3:49  Probe x2  
  40  3:50  Gateway  
  40  3:51  Warp Prism  
  44  4:08  Probe x2  
  46  4:15  Pylon  
  46  4:19  Stalker  
  46  4:22  Pylon  
  46  4:26  Shield Battery, Pylon  
  46  4:31  Stalker  
  48  4:33  Stalker  
  50  4:56  Dark Templar x3  
  56  5:02  Probe x2, Observer  
  56  5:06  Nexus  
  48  5:14  Probe x2  
  45  5:26  Probe x2  
  47  5:33  Observer  
  43  5:36  Zealot  
  43  5:38  Probe  
  43  5:43  Probe  
  43  5:46  Stalker  
  46  5:50  Probe  
  47  5:57  Dark Templar  
  47  6:02  Probe x2  
  49  6:07  Blink  
  46  6:13  Probe  
  46  6:14  Probe  
  42  6:18  Probe, Stalker x2  
  42  6:21  Probe  
  42  6:22  Probe  
  48  6:26  Probe  
  48  6:30  Probe x2  
  50  6:36  Probe  
  53  6:40  Probe  
  53  6:44  Warp Prism  
  54  6:47  Probe  
  54  6:48  Probe  
  54  6:53  Probe  
  55  6:55  Probe  
  55  7:00  Probe  
  59  7:04  Probe  
  59  7:05  Probe  
  61  7:12  Probe  
  61  7:15  Probe  
  62  7:17  Probe  
  62  7:18  Pylon  
  62  7:20  Gateway x2  
  64  7:24  Probe  
  64  7:27  Probe  
  64  7:29  Probe  
  67  7:30  Stalker x2  
  67  7:31  Stalker  
  72  7:37  Stalker  
  74  7:48  Probe  
  74  7:49  Probe x2  
  77  7:55  Stalker x3  
  83  7:59  Gateway  
  83  8:04  Shield Battery  
  83  8:05  Pylon  
  83  8:08  Stalker  
  83  8:17  Stalker x2  
  87  8:20  Assimilator  
  87  8:22  Assimilator  
  87  8:26  Pylon  
  87  8:27  Forge  
  87  8:29  Forge  
  87  8:32  Observer  
  87  8:34  Zealot x3  
  81  8:49  Stalker x2  
  81  8:52  Probe x3  
  77  8:56  Protoss Ground Armor Level 1  
  77  9:00  Warp Prism  
  69  9:05  Stalker x2  
  69  9:09  Zealot x3  
  71  9:10  Protoss Ground Weapons Level 1  
  71  9:12  Probe x3  
  76  9:24  Probe x3  
  78  9:30  Observer  
  81  9:31  Charge  
  79  9:35  Zealot x4  
  88  9:39  Zealot  
  88  9:42  Zealot  
  92  9:46  Observer  
  91  9:58  Zealot x4  
  91  9:59  Zealot  
  102  10:04  Shield Battery  
  102  10:06  Zealot x2  
  104  10:23  Stalker x5  
  104  10:26  Pylon  
  114  10:36  Dark Templar x2  
  106  10:59  Zealot  
  106  11:00  Zealot x4  
  116  11:04  Gateway  
  116  11:05  Gateway  
  116  11:08  Warp Prism  
  118  11:12  Nexus  
  118  11:18  Zealot x2  
  108  11:20  Zealot x3  
  108  11:24  Zealot x2  
  84  11:42  Stalker x5  
  86  11:54  Pylon  
  86  11:57  Probe x2  
  86  11:58  Probe  
  87  12:10  Zealot x4  
  95  12:17  Probe x3  
  90  12:23  Zealot x5  
  100  12:37  Dark Shrine  
  100  12:39  Zealot x4  
  104  12:55  Zealot  
  104  12:56  Zealot x4  
  106  13:08  Zealot x4  
Tags
 
Add a new tag
Caveats
  • Supply blocks, unpowered buildings, or Contaminate may cause inaccurate times.
  • Supply counts are checked every 10 seconds.